 Dungeon Crawl Stone Soup version 0.30-a0-1035-g38d5fb2972 (webtiles) character file.

Game seed: 15104049059998003971

277 Ic0nGaming the Cutter (level 6, -2/55 HPs)
             Began as a Kobold Fighter on Apr 8, 2023.
             Killed by nerve-wracking pain
             ... invoked by an orc priest
              (9 damage)
             ... on level 4 of the Dungeon.
             The game lasted 00:05:06 (3022 turns).

Ic0nGaming the Cutter (Kobold Fighter)              Turns: 3022, Time: 00:05:06

Health: -2/55      AC: 10    Str: 13    XL:     6   Next: 50%
Magic:  6/6        EV: 12    Int:  9    God:
Gold:   165        SH:  5    Dex: 17    Spells: 5/5 levels left

rFire   + . .      SeeInvis .    a - +0 rapier
rCold   . . .      Faith    .    c - +0 buckler
rNeg    . . .      Spirit   .    r - +2 leather armour {rF+}
rPois   .          Reflect  .    (no helmet)
rElec   .          Rampage  .    (no cloak)
rCorr   .                        e - +0 pair of gloves
Will    +....                    (no boots) Stlth
                                 (no amulet)
HPRegen 0.29/turn                p - +4 ring of protection
MPRegen 0.10/turn                i - ring of willpower

@: berserking, very quick
A: small, no large weapons, nightstalker 3
a: no special abilities


You were on level 4 of the Dungeon.
You visited 1 branch of the dungeon, and saw 4 of its levels.

You collected 165 gold pieces.

Inventory:

Hand Weapons
 a - a +0 rapier (weapon)
Missiles
 q - 3 boomerangs (quivered)
 u - 3 poisoned darts
Armour
 c - a +0 buckler (worn)
 e - a +0 pair of gloves (worn)
 r - a +2 leather armour of fire resistance (worn)
Jewellery
 b - a ring of positive energy
 g - an amulet of faith
 i - a ring of willpower (right hand)
 p - a +4 ring of protection (left hand)
 v - a ring of protection from fire
Wands
 o - a wand of mindburst (9)
Scrolls
 l - a scroll of fear
 s - 2 scrolls of fog
Potions
 d - 4 potions of might
 f - 2 potions of lignification {unknown}
 h - 3 potions of flight {unknown}
 j - 2 potions of mutation {unknown}
 k - 2 potions of curing {unknown}
 n - 4 potions of attraction
 t - a potion of haste {unknown}


   Skills:
 - Level 3.2 Fighting
 * Level 7.5 Short Blades
 - Level 2.4 Armour
 - Level 2.4 Shields
 + Level 3.2 Evocations


You had 5 spell levels left.
You didn't know any spells.
Your spell library contained the following spells:

 Spells                   Type           Power      Damage    Failure   Level
 Simulacrum               Ice/Necr       0%         N/A       100%        6
 Ozocubu's Refrigeration  Ice            0%         4d7       100%        7
 Polar Vortex             Ice            0%         N/A       100%        9


Dungeon Overview and Level Annotations

Branches:
Dungeon (4/15)
 Temple: D:4-7

Altars:
Trog


Innate Abilities, Weirdness & Mutations

You are small and have problems with some larger weapons.
You are completely attuned to the shadows.


Message History

The orc priest hits you but does no damage.
You hit the orc priest but do no damage.
The orc priest closely misses you.
You hit the orc priest.
The orc priest is lightly wounded.
You hit the orc priest.
The orc priest is lightly wounded.
You block the orc priest's attack.
You closely miss the orc priest.
The orc priest is lightly wounded.
The orc priest calls down the wrath of Beogh upon you.
Beogh smites you!
You hear a shout!
You hit the orc priest but do no damage.
The orc priest is lightly wounded.
The orc priest hits you with a +0 trident.
You are too injured to fight recklessly!
You are too injured to fight recklessly!
You are too injured to fight recklessly!
You closely miss the orc priest.
The orc priest is lightly wounded.
The orc priest calls down the wrath of Beogh upon you.
Beogh smites you!
* * * LOW HITPOINT WARNING * * *
A red film seems to cover your vision as you go berserk!
You feel yourself moving faster!
You feel mighty!
The orc priest invokes the aid of Beogh against you.
You resist with some effort.
An ogre comes into view. It is wielding a +0 giant spiked club.
You hit the orc priest.
The orc priest is heavily wounded.
The orc priest closely misses you.
You hit the orc priest.
The orc priest is almost dead.
Unknown command.
You closely miss the orc priest.
The orc priest is almost dead.
The orc priest mumbles some strange prayers to Beogh against you.
Pain shoots through your body!
You die...

*#.#.....##...##.................
*#.........##.....######..?......
*#.......#..#.......##*#.^.......
,........#.....##.....*#.##......
*....<..###....##..#.#**.........
*........#*........#.#,,,.....†..
*.......##,,.......#.##,.....##.(
,....#...#,,.....##<..#..#.......
,..###...#,,....@###.....#.......
,,,*,,*,,,,,.....o.).......(.##+#
,,,,,,,,*,,*####O....##.#*,..#~~~
,,,,,,,,,,,**#.......##..#...+~~~
,,,,,,,,,,,,,,....##.....#...#~~~
,*,,,,,,,,,,,,,#.............##'#
,,,,,,,,,,,,,,,#.<..............#
,,,,,,,,,,,,,....#.............##
,,,,,,,,,,,,,....##..........###


You could see an ogre and an orc priest.

Vanquished Creatures
  A black bear (D:4)
  A howler monkey (D:4)
  An orc wizard (D:4)
  4 adders
  2 dart slugs
  11 orcs
  7 endoplasms
  2 giant cockroaches (D:1)
  9 goblins
  3 hobgoblins
  4 jackals (D:1)
  5 kobolds
  A quokka (D:2)
  4 ball pythons
  3 bats
  5 frilled lizards
  5 rats (D:1)
68 creatures vanquished.

Vanquished Creatures (others)
  A plant (D:4)
1 creature vanquished.

Grand Total: 69 creatures vanquished

Notes
Turn   | Place    | Note
-------+----------+-------------------------------------------
     0 | D:1      | Ic0nGaming the Kobold Fighter began the quest for the Orb.
     0 | D:1      | Reached XP level 1. HP: 14/14 MP: 1/1
    39 | D:1      | Reached skill level 3 in Short Blades
    90 | D:1      | Reached XP level 2. HP: 16/19 MP: 2/2
   229 | D:1      | Reached skill level 4 in Short Blades
   402 | D:1      | Reached XP level 3. HP: 21/23 MP: 3/3
   692 | D:1      | Reached skill level 5 in Short Blades
  1701 | D:3      | Reached XP level 4. HP: 28/28 MP: 4/4
  1915 | D:3      | Reached skill level 1 in Evocations
  2465 | D:3      | Found a bloodstained altar of Trog.
  2594 | D:4      | Noticed a black bear
  2597 | D:4      | Killed a black bear
  2598 | D:4      | Reached skill level 6 in Short Blades
  2598 | D:4      | Reached XP level 5. HP: 32/32 MP: 5/5
  2598 | D:4      | Reached XP level 6. HP: 37/37 MP: 6/6
  2650 | D:4      | Reached skill level 7 in Short Blades
  3019 | D:4      | Noticed an ogre
  3022 | D:4      | Killed from afar by an orc priest

Illustrated notes

Levels and vault maps discovered:
D:1:      erik_arrival_blinker_ship, layout_basic
D:2:      layout_loops_cross
D:3:      layout_loops_ring, mainiacjoe_overflow_small_starburst
D:4:      layout_cave_pools, serial_bayou, serial_bayou_lagoon_b,
          serial_bayou_crossing, serial_bayou_pond_d, minmay_liquid_box

Skill      XL: |  1  2  3  4  5  6 |
---------------+-------------------+-----
Short Blades   | 3 4 5 6 7 |  7.5
Evocations     | 2 3 |  3.2
Fighting       | |  3.2
Armour         | |  2.4
Shields        | |  2.4

Action                     |  1- 3 |  4- 6 || total
---------------------------+-------+-------++-------
  Melee: Rapier            |   130 |   120 ||   250
  Evoke: Wand              |       |     2 ||     2
    Use: Scroll            |     4 |     5 ||     9
         Potion            |       |     1 ||     1
   Stab: Sleeping          |     1 |     2 ||     3
 Armour: Scale mail        |    51 |       ||    51
         Leather armour    |     3 |    63 ||    66
  Dodge: Dodged            |    74 |    60 ||   134
  Block: Buckler           |    42 |    32 ||    74

Table legend: (Time is in decaauts)
 A = Elapsed time spent in this place.
 B = Non-inter-level travel time spent in this place.
 C = Inter-level travel time spent in this place.
 D = Time resting spent in this place.
 E = Time spent auto-exploring this place.
 F = Levels seen in this place.
 G = Mean time per level.
                   A        B        C        D        E       F      G
               +--------+--------+--------+--------+--------+-----+--------+
         Total |   3038 |   2981 |     57 |    408 |   1956 |   4 |  759.5 |
       Dungeon |   3038 |   2981 |     57 |    408 |   1956 |   4 |  759.5 |
               +--------+--------+--------+--------+--------+-----+--------+

Top non-repeatable levels by time:
     D:3: 922 daAuts
     D:2: 855 daAuts
     D:1: 841 daAuts
     D:4: 419 daAuts
